 Dungeon Crawl Stone Soup version 0.18.0-2-g198d6d4 (webtiles) character file.

1309 dvd the Gusty (level 8, -1/48 HPs)
             Began as a High Elf Air Elementalist on May 5, 2016.
             Was an Initiate of Ashenzari.
             Hit by a tomahawk thrown by an orc warrior (17 damage)
             ... on level 6 of the Dungeon.
             The game lasted 00:19:54 (5809 turns).

dvd the Gusty (High Elf Air Elementalist)           Turns: 5809, Time: 00:19:55

Health: -1/48      AC:  4    Str: 12    XL:     8   Next: 32%
Magic:  10/18      EV: 16    Int: 25    God:    Ashenzari [......]
Gold:   176        SH:  0    Dex: 20    Spells: 4 memorised, 8 levels left

rFire  x . .     SeeInvis .     t - +11 dagger "Tices" {holy, rC- Str+5 Int+4 Dex+4}
rCold  . . .     Gourm    .     e - +0 robe
rNeg   . . .     Faith    .     (no shield)
rPois  .         Spirit   .     (no helmet)
rElec  .         Dismiss  +     (no cloak)
rCorr  .         Reflect  .     A - +0 pair of gloves (curse)
SustAt .         Harm     .     d - +0 pair of boots
MR     .....                    i - amulet of dismissal
Stlth  ++........               o - ring of ice
                                m - ring of loudness

@: lethally poisoned (-1 -> -12), very slightly contaminated, repel missiles,
not resistant to hostile enchantments, unstealthy
A: no striking features
a: Curse Item, Renounce Religion


You were on level 6 of the Dungeon.
You worshipped Ashenzari.
Ashenzari was noncommittal.
You were not hungry.

You visited 2 branches of the dungeon, and saw 7 of its levels.

You collected 176 gold pieces.

Inventory:

Hand Weapons
 a - a +0 dagger
 p - a +1 dagger of protection
 t - the +11 dagger "Tices" (weapon) {holy, rC- Str+5 Int+4 Dex+4}
   (You found it on level 4 of the Dungeon)

   It has been blessed by the Shining One to cause great damage to the undead
   and demons.
   It affects your strength (+5).
   It affects your intelligence (+4).
   It affects your dexterity (+4).
   It makes you vulnerable to cold.
Armour
 d - a +0 pair of boots (worn)
 e - a +0 robe (worn)
 A - a cursed +0 pair of gloves (worn)
Jewellery
 i - an amulet of dismissal (around neck)
 m - a ring of loudness (left hand)
 o - a ring of ice (right hand)
Wands
 l - a wand of flame (25/48)
 u - a wand of digging (9/24)
Scrolls
 g - 5 scrolls of identify
 h - a scroll of fear
 r - 3 scrolls of remove curse
 v - a scroll of blinking
 w - 2 scrolls of amnesia
 y - a scroll of teleportation
Potions
 j - a potion of heal wounds
 n - a potion of magic {unknown}
 q - a potion of cancellation {unknown}
 s - a potion of invisibility {unknown}
 x - a potion of flight {unknown}
 z - a potion of might {unknown}
Books
 b - a book of Air

   Spells                             Type                      Level
   a - Shock                          Conjuration/Air              1
   b - Swiftness                      Charms/Air                   2
   c - Repel Missiles                 Charms/Air                   2
   d - Static Discharge               Conjuration/Air              3
   e - Lightning Bolt                 Conjuration/Air              5
Comestibles
 c - 5 bread rations
 f - 3 beef jerkies
 k - 6 fruits
 B - a meat ration


   Skills:
 + Level 1.6 Fighting
 + Level 0.8 Short Blades
 + Level 5.5 Dodging
 + Level 3.1 Stealth
 + Level 6.4 Spellcasting
 + Level 4.5 Conjurations
 + Level 1.0 Charms
 + Level 6.7 Air Magic


You had 8 spell levels left.
You knew the following spells:

 Your Spells              Type           Power        Failure   Level  Hunger
a - Shock                 Conj/Air       ####         1%          1    None
b - Repel Missiles        Chrm/Air       ####..       1%          2    None
d - Static Discharge      Conj/Air       #####...     1%          3    None
e - Lightning Bolt        Conj/Air       #####.....   21%         5    #####..


Dungeon Overview and Level Annotations

Branches:
Dungeon (6/15)             Temple (1/1) D:4

Altars:
Ashenzari
Cheibriados
Elyvilon
Gozag
Kikubaaqudgha
Makhleb
Nemelex Xobeh
Okawaru
Pakellas
Trog
Xom
Yredelemnul
Zin
The Shining One

Shops:
D:5 *


Message History

You kill the water moccasin!
The zap hits the orc warrior.
The orc warrior is almost dead.
You feel sick.
The orc warrior throws a tomahawk.
The tomahawk misses you.
Unknown command.
Casting: Shock
Confirm with . or Enter, or press ? or * to list all spells.
Aiming: Shock
Press: ? - help, Shift-Dir - straight line, f/p - orc warrior
Aim: an orc warrior, wielding a war axe and wearing a plate armour (almost dead)
The zap misses the orc warrior.
You feel sick.
The orc warrior throws a tomahawk.
The tomahawk is repelled.
Casting: Shock
Confirm with . or Enter, or press ? or * to list all spells.
Aiming: Shock
Press: ? - help, Shift-Dir - straight line, f/p - orc warrior
Aim: an orc warrior, wielding a war axe and wearing a plate armour (almost dead)
The zap misses the orc warrior.
You feel sick.
The orc warrior throws a tomahawk.
The tomahawk hits you!
You die...

. #. #.# ##.###
...(. ....#
#.#.# #.#@#
#.###.#.#.#.##
#.)).<.o?.....$
#...?..?.....###
#.####...#.###
#.###.# #_# .#
#.. # #.#


You could see an orc warrior.

Vanquished Creatures
  A water moccasin (D:6)
  An ogre (D:4)
  2 phantoms
  2 centaurs
  A giant frog (D:5)
  2 scorpions
  3 howler monkeys (D:4)
  A crimson imp (D:5)
  A giant frog skeleton (D:4)
  An orc priest (D:6)
  Ijyb (D:3)
  5 worker ants
  2 orc wizards (D:3)
  A hound zombie (D:5)
  2 hound skeletons (D:4)
  A worker ant zombie (D:5)
  6 adders
  2 adder skeletons
  An adder zombie (D:5)
  2 worms (D:2)
  3 dart slugs
  2 giant geckos
  8 orcs
  7 bats
  4 giant cockroaches (D:3)
  4 goblins
  10 hobgoblins
  4 jackals (D:1)
  4 quokkas
  3 ball pythons
  6 giant newts
  7 kobolds
  6 rats
106 creatures vanquished.

Vanquished Creatures (others)
  An orc (D:3)
1 creature vanquished.

Grand Total: 107 creatures vanquished

Notes
Turn   | Place    | Note
--------------------------------------------------------------
     0 | D:1      | dvd the High Elf Air Elementalist began the quest for the Orb.
     0 | D:1      | Reached XP level 1. HP: 11/11 MP: 4/4
   352 | D:1      | Reached XP level 2. HP: 16/17 MP: 2/6
   356 | D:1      | Learned a level 2 spell: Repel Missiles
   476 | D:1      | Learned a level 2 spell: Swiftness
  1243 | D:2      | Reached XP level 3. HP: 21/21 MP: 2/8
  1572 | D:2      | Learned a level 3 spell: Static Discharge
  1946 | D:2      | Reached XP level 4. HP: 20/27 MP: 2/9
  2881 | D:3      | Noticed Ijyb
  2925 | D:3      | Killed Ijyb
  3225 | D:3      | Reached XP level 5. HP: 32/32 MP: 8/11
  3490 | D:3      | Reached skill level 1 in Fighting
  3839 | D:4      | Noticed a centaur
  3855 | D:4      | Killed a centaur
  3855 | D:4      | Reached XP level 6. HP: 29/38 MP: 1/13
  3964 | D:4      | Reached skill level 5 in Air Magic
  4239 | D:4      | Got an iridescent dagger
  4240 | D:4      | Identified the +11 dagger "Tices" {holy, rC- Str+5 Int+4 Dex+4} (You found it on level 4 of the Dungeon)
  4255 | D:4      | Reached skill level 1 in Charms
  4267 | D:4      | Reached skill level 5 in Spellcasting
  4267 | D:4      | Reached XP level 7. HP: 41/43 MP: 1/15
  4290 | D:4      | Learned a level 5 spell: Lightning Bolt
  4461 | D:4      | Found an opulent altar of Gozag.
  4543 | D:4      | Found a staircase to the Ecumenical Temple.
  4551 | Temple   | Entered the Ecumenical Temple
  4645 | Temple   | Became a worshipper of Ashenzari the Shackled
  4890 | D:5      | Entered Level 5 of the Dungeon
  5271 | D:5      | Reached skill level 5 in Dodging
  5327 | D:5      | Reached XP level 8. HP: 38/48 MP: 15/18
  5684 | D:5      | Found Couxt's Assorted Antiques.
  5713 | D:5      | Found a glowing golden altar of the Shining One.
  5795 | D:6      | Found a sparkling altar of Nemelex Xobeh.
  5809 | D:6      | Hit by a tomahawk thrown by an orc warrior

Skill      XL: |  1  2  3  4  5  6  7 |
---------------+----------------------+-----
Air Magic      | 4 5 6 |  6.7
Spellcasting   | 3 4 5 6 |  6.4
Conjurations   | 2 3 4 |  4.5
Dodging        | 3 4 5 |  5.5
Fighting       | 1 |  1.6
Charms         | 1 |  1.0
Stealth        | 3 |  3.1
Short Blades   | |  0.8

Action                   |  1- 3 |  4- 6 |  7- 9 || total
-------------------------+-------+-------+-------++-------
Melee: Unarmed           |     2 |       |       ||     2
       Dagger            |     9 |    38 |    31 ||    78
 Cast: Shock             |    86 |   103 |    39 ||   228
       Repel Missiles    |     1 |     2 |       ||     3
       Static Discharge  |       |     8 |     9 ||    17
  Use: Scroll            |       |     6 |     3 ||     9
 Stab: Sleeping          |     1 |       |     2 ||     3
  Eat: Chunk             |     3 |     7 |     4 ||    14
       Pizza             |       |       |     1 ||     1
Armor: Robe              |    10 |    23 |     3 ||    36
Dodge: Dodged            |    23 |    73 |    37 ||   133
       Deflected         |       |     4 |     1 ||     5
